 Dungeon Crawl Stone Soup version 0.20.1 (webtiles) character file.

48 taytron the Stinger (level 3, 0/24 HPs)
             Began as a Merfolk Venom Mage on July 2, 2017.
             Succumbed to an adder's poison
             ... on level 2 of the Dungeon.
             The game lasted 00:20:20 (1298 turns).

taytron the Stinger (Merfolk Venom Mage)            Turns: 1298, Time: 00:20:21

Health: 0/24       AC:  3    Str:  8      XL:     3   Next: 72%
Magic:  0/6        EV: 13    Int: 14 (15) God:
Gold:   112        SH:  0    Dex: 12 (14) Spells: 3/6 levels left

rFire    + . .     SeeInvis .   g - +0 dagger
rCold    . . .     Gourm    .   (no shield)
rNeg     . . .     Faith    .   h - +1 robe {rF+}
rPois    .         Spirit   .   (no helmet)
rElec    .         Reflect  .   (no cloak)
rCorr    .         Harm     .   (no gloves)
MR       .....                  (no boots)
Stlth    ++........             (no amulet)
Regen    0.1/turn               (no ring)
MPRegen  0.1/turn               (no ring)

@: lethally poisoned (0 -> -8), very slightly contaminated
A: change form in water, swift swim, stealthy swim
a: no special abilities


You were on level 2 of the Dungeon.
You were not hungry.

You visited 1 branch of the dungeon, and saw 2 of its levels.

You collected 112 gold pieces.

Inventory:

Hand Weapons
 g - a +0 dagger (weapon)
Missiles
 f - 20 arrows
Armour
 a - a +0 robe
 e - a +0 leather armour
 h - a +1 robe of fire resistance (worn)
 r - a +0 ring mail
Jewellery
 d - a +4 ring of intelligence {unknown}
 j - an uncursed ring of resist corrosion {unknown}
 m - an uncursed ring of stealth {unknown}
 p - a cursed -3 ring of strength {unknown}
Scrolls
 k - a scroll of magic mapping {unknown}
 l - a scroll of amnesia
 v - 2 scrolls of teleportation
 w - a scroll of identify {unknown}
 x - a scroll of enchant weapon {unknown}
Potions
 i - a potion of curing {unknown}
 q - a potion of ambrosia {unknown}
 s - a potion of lignification {unknown}
 t - a potion of mutation {unknown}
 u - a potion of brilliance {unknown}
 z - a potion of heal wounds {unknown}
Books
 b - a Young Poisoner's Handbook

   Spells                             Type                      Level
   a - Sting                          Conjuration/Poison           1
   b - Poisonous Vapours              Poison/Air                   2
   c - Mephitic Cloud                 Conjuration/Poison/Air       3
   d - Olgreb's Toxic Radiance        Poison                       4
   e - Venom Bolt                     Conjuration/Poison           5
Comestibles
 c - a bread ration
 n - a royal jelly
 o - 2 meat rations
 A - a chunk of flesh


   Skills:
 + Level 0.2 Short Blades
 + Level 3.1 Dodging
 + Level 2.1 Stealth
 + Level 2.4 Spellcasting
 + Level 0.8 Conjurations
 + Level 0.1 Air Magic
 + Level 4.2 Poison Magic


You had 3 spell levels left.
You knew the following spells:

 Your Spells              Type           Power        Failure   Level  Hunger
a - Sting                 Conj/Pois      #...         8%          1    #......
b - Poisonous Vapours     Pois/Air       #.....       14%         2    ###....


Dungeon Overview and Level Annotations

Branches:
Dungeon (2/15)

Altars:


Message History

Confirm with . or Enter, or press ? or * to list all spells.
You don't have enough magic to cast that spell.
You miss the adder.
The adder is heavily wounded.
The adder misses you.
You miss the adder.
The adder is heavily wounded.
The adder bites you.
* * * LOW HITPOINT WARNING * * *
The adder bites you.
* * * LOW HITPOINT WARNING * * *
You are more poisoned.
The adder poisons you!
You miss the adder.
The adder is heavily wounded.
* * * LOW HITPOINT WARNING * * *
You feel sick. The adder closely misses you.
You miss the adder.
The adder is severely wounded.
You die...

##...#.##..........### #.# ###
....................)###.#
###.##.#.........##...##.########
....................#............
.##.##.##.....##.##...###.#######
.##.##.###...###.###.## #.# #
.......# ##.## #.# #.# #.# #
.#####.# #.# #.###.####.##### #
.# #.# #.# #@.............# # .##
#.# #.# ##S############.# # ..#
#.####.###.l# #.# #
..####...........# #.# #
.......####.###..# #.# ..####.#
#..# #.# ..# #..# #.# # ### #
#..# #.# # # ####.##..# ##### #


You could see an adder and a leopard gecko.

Vanquished Creatures
  2 adders (D:2)
  A leopard gecko (D:1)
  2 bats (D:1)
  2 giant cockroaches
  6 goblins
  3 hobgoblins
  4 frilled lizards
  5 kobolds
  6 rats
31 creatures vanquished.

Notes
Turn   | Place    | Note
-------+----------+-------------------------------------------
     0 | D:1      | taytron the Merfolk Venom Mage began the quest for the Orb.
     0 | D:1      | Reached XP level 1. HP: 13/13 MP: 3/3
   160 | D:1      | Reached XP level 2. HP: 10/19 MP: 0/5
   354 | D:1      | Reached skill level 4 in Poison Magic
   395 | D:1      | Learned a level 2 spell: Poisonous Vapours
   820 | D:2      | Reached XP level 3. HP: 24/24 MP: 1/6
   828 | D:2      | Learned a level 1 spell: Sting
  1297 | D:2      | HP: 1/24 [poisoned by an adder]
  1298 | D:2      | Succumbed to an adder's poison

Skill      XL: |  1  2 |
---------------+-------+-----
Poison Magic   | 4 |  4.2
Dodging        | 3 |  3.1
Short Blades   | |  0.2
Stealth        | |  2.1
Spellcasting   | |  2.4
Conjurations   | |  0.8
Air Magic      | |  0.1

Action                   || total
-------------------------++-------
Melee: Dagger            ||    83
 Cast: Sting             ||    44
       Poisonous Vapours ||     6
  Use: Scroll            ||     4
       Potion            ||     1
  Eat: Chunk             ||     3
Armor: Robe              ||    17
Dodge: Dodged            ||    63
